 Dungeon Crawl Stone Soup version 0.31-a0-640-g39d97e502b (webtiles) character file.

Game seed: 3642437269538036743

2116 MackTheKnife the Nimble (level 9, -3/76 HPs)
             Began as a Deep Elf Wanderer on Aug 27, 2023.
             Was an Elder of Makhleb.
             Slain by a vampire (7 damage)
             ... on level 9 of the Dungeon.
             The game lasted 00:11:30 (6848 turns).

MackTheKnife the Nimble (Deep Elf Wanderer)         Turns: 6848, Time: 00:11:31

Health: -3/76      AC: 24    Str: 11    XL:     9   Next: 8%
Magic:  19/21      EV:  2    Int: 28    God:    Makhleb [****..]
Gold:   219        SH:  0    Dex: 25    Spells: 12/22 levels left

rFire   + . .        d - +4 quarterstaff of Soypuuw {vamp, rF++ Dex+3, staff}
rCold   . . .        (shield currently unavailable)
rNeg    . . .        v - melded +0 leather armour
rPois   +            g - melded +2 helmet
rElec   .            b - melded +0 cloak
rCorr   .            r - melded +0 pair of gloves
SInv    .            a - melded +0 pair of boots of the Harp {rF+}
Will    +....        c - amulet of the Baleful God {Faith rF- Int+4 Slay+4}
Stlth   ++           m - +6 ring of dexterity
HPRegen 0.32/turn    u - +6 ring of strength
MPRegen 0.17/turn

%: faith
@: brilliant, tree-form, freezing walls, enlightened
A: stationary, stasis, torment immunity, boosted hp
a: Renounce Religion, Minor Destruction, Lesser Servant of Makhleb, Major
Destruction


You were on level 9 of the Dungeon.
You worshipped Makhleb.
Makhleb was greatly pleased with you.
You were a tree.
You visited 1 branch of the dungeon, and saw 9 of its levels.

You collected 593 gold pieces.
You spent 374 gold pieces at shops.


   Skills:
 - Level 3.2 Fighting
 - Level 5.3 Staves
 - Level 2.6 Ranged Weapons
 - Level 1.0 Throwing
 - Level 8.1 Dodging
 + Level 7.1 Spellcasting
 + Level 4.1 Conjurations
 + Level 1.1 Transmutations
 - Level 4.3 Ice Magic
 - Level 2.0 Air Magic


You had 12 spell levels left.
You knew the following spells:

 Your Spells              Type           Power      Damage    Failure   Level
a - Static Discharge      Conj/Air       82%        2-6/arc   2%          2
b - Frozen Ramparts       Ice            100%       1d16      2%          3
c - Irradiate             Conj/Tmut      18%        3d17      45%         5

Your spell library contained the following spells:

 Spells                   Type           Power      Damage    Failure   Level
 Kiss of Death            Conj/Necr      100%       2d13      2%          1
 Ensorcelled Hibernation  Hex/Ice        66%        N/A       3%          2
 Momentum Strike          Conj/Tloc      64%        3d9       3%          2
 Wereblood                Tmut           24%        N/A       4%          2
 Passwall                 Tmut/Erth      15%        N/A       6%          2
 Swiftness                Air            32%        N/A       7%          3
 Confusing Touch          Hex            15%        N/A       16%         3
 Petrify                  Tmut/Erth      19%        N/A       38%         4
 Anguish                  Hex/Necr       7%         N/A       47%         4
 Cause Fear               Hex            7%         N/A       47%         4
 Dispel Undead            Necr           15%        3d10      47%         4
 Passage of Golubria      Tloc           15%        N/A       47%         4
 Metabolic Englaciation   Hex/Ice        16%        N/A       52%         5
 Silence                  Hex/Air        11%        N/A       69%         5
 Enfeeble                 Hex            7%         N/A       100%        7
 Lehudib's Crystal Spear  Conj/Erth      16%        10d5      100%        8

Inventory:

Hand Weapons
 d - the +4 quarterstaff of Soypuuw (weapon) {vamp, rF++ Dex+3, staff}
   (You bought it in a shop on level 5 of the Dungeon)

   Dex+3:     It affects your dexterity (+3).
   rF++:      It greatly protects you from fire.
Armour
 a - the +0 pair of boots of the Harp (melded) {rF+}
   (You found it on level 5 of the Dungeon)

   rF+:       It protects you from fire.
 b - a +0 cloak (melded)
 g - a +2 helmet (melded)
   (You found it on level 5 of the Dungeon)
 r - a +0 pair of gloves (melded)
   (You bought it in a shop on level 4 of the Dungeon)
 v - a +0 leather armour (melded)
   (You took it off an orc on level 4 of the Dungeon)
Jewellery
 c - the amulet of the Baleful God (around neck) {Faith rF- Int+4 Slay+4}
   (You acquired it on level 5 of the Dungeon)

   [amulet of faith]

   Faith:     It allows you to gain divine favour quickly.
   Int+4:     It affects your intelligence (+4).
   Slay+4:    It affects your accuracy & damage with ranged weapons and melee
   (+4).
   rF-:       It makes you vulnerable to fire.
 m - a +6 ring of dexterity (left branch)
   (You found it on level 3 of the Dungeon)
 n - a ring of protection from cold
   (You found it on level 3 of the Dungeon)
 u - a +6 ring of strength (right branch)
   (You found it on level 4 of the Dungeon)
 x - a ring of ice
   (You found it on level 7 of the Dungeon)
 y - an amulet of faith {!P}
   (You found it on level 7 of the Dungeon)
 D - an amulet of magic regeneration {@e2}
   (You found it on level 8 of the Dungeon)
Wands
 q - a wand of digging (5)
   (You found it on level 4 of the Dungeon)
 A - a wand of flame (17)
   (You found it on level 8 of the Dungeon)
 C - a wand of polymorph (9)
   (You found it on level 8 of the Dungeon)
Scrolls
 i - 2 scrolls of immolation {!r!r}
 j - a scroll of teleportation {@r4}
 k - a scroll of torment {unknown}
 o - a scroll of fog
 p - a scroll of fear
 t - a scroll of enchant armour
 w - a scroll of enchant weapon {unknown}
 E - a scroll of poison {unknown}
 F - a scroll of identify {@r1}
Potions
 h - a potion of haste {@q3}
 s - a potion of curing {@q1}
 B - a potion of lignification {!q}

Dungeon Overview and Level Annotations

Branches:
Dungeon (9/15) Zot: 26673  Temple (0/1) D:7            Lair (0/5) D:8
    Orc: D:9-12

Altars:
Fedhas
Hepliaklqana
Makhleb
Ru
Sif Muna
Uskayaw
Wu Jian

Shops:
D:4 **   D:5 ?(?

Portals:
Abyss: D:4

Annotations:
D:3 2 transporters
D:4 2 transporters, Shym's ghost, amateur DrCj

#..........#
#..........#
#..........+
#..........#
#..........#
#..........#
######'##### #+ #...#
#.## ######♣#### #.>#
#.....V..<# ###.#######
#.........# #.........#
#.........###..........
#.........#...........#
#.........#.#.........#
#...........######.####
#)........### ##.#
#.........# ##..#


You could see a vampire.


Message History

There is an open door here.
A vampire is nearby!
A vampire is nearby!
A vampire is nearby!
Aiming: Bolt of Light
Press: ? - help, Shift-Dir - straight line, f - vampire
Aim: a vampire (71% to hit)
The bolt of light hits the vampire.
The vampire is blinded.
The now-empty wand crumbles to dust.
The vampire casts a spell at you. You resist with some effort.
You closely miss the vampire. The vampire hits you.
The vampire closely misses you. 😕 HP[-5]
You take 5 damage, and now have 46/51 hp.
You hit the vampire but do no damage. The vampire closely misses you.
The vampire bites you.
The vampire draws strength from your injuries! 😕 HP[-5]
You take 5 damage, and now have 41/51 hp.
You sock the vampire! The vampire closely misses you. The vampire misses you.
You sock the vampire! The vampire misses you.
The vampire closely misses you. 😕 HP[+1]
You hit the vampire but do no damage. The vampire hits you.
The vampire closely misses you. 😮 HP[-5]
You take 5 damage, and now have 37/51 hp.
You hit the vampire. The vampire misses you. x2
You hit the vampire but do no damage. The vampire closely misses you. x2
You hit the vampire.
The vampire is no longer blind.
The vampire hits you!
The vampire completely misses you. 😮 HP[-10]
You take 10 damage, and now have 27/51 hp.
You hit the vampire. The vampire misses you. The vampire bites you.
* * * LOW HITPOINT WARNING * * *
The vampire draws strength from your injuries! 😨 HP[-3]
You take 3 damage, and now have 24/51 hp.
Unknown command.
Aiming: Polymorph
Press: ? - help, Shift-Dir - straight line, f - you, p - vampire
Okay, then.
Unknown command.
You feel very buoyant.
You fly up into the air.
The vampire hits you.
* * * LOW HITPOINT WARNING * * *
The vampire misses you. 😨 HP[-4]
You take 4 damage, and now have 20/51 hp.
Casting: Frozen Ramparts (dangerous; 3% risk of failure)
Confirm with . or Enter, or press ? or * to list all spells.
Casting: Frozen Ramparts (dangerous; 3% risk of failure)
Press: ? - help, Dir - look around, f - activate
Okay, then. 😨 HP[+1]
Casting: Frozen Ramparts (dangerous; 3% risk of failure)
Confirm with . or Enter, or press ? or * to list all spells.
Casting: Frozen Ramparts (dangerous; 3% risk of failure)
Press: ? - help, Dir - look around, f - activate The walls around you are covered in ice.
The vampire completely resists.
The wall freezes the vampire but does no damage.
The vampire barely misses you. The vampire misses you. 😨 MP[-3]
You lost 3 mp, and now have 18/21 mp.
You hit the vampire.
The wall freezes the vampire but does no damage.
The vampire draws life force from you!!
* * * LOW HITPOINT WARNING * * *
The vampire is healed by the life force! 😱 HP[-18]
You take 18 damage, and now have 3/51 hp.
MASSIVE DAMAGE!! (PAUSE)
You hit the vampire.
The wall freezes the vampire but does no damage.
The vampire completely misses you. The vampire closely misses you.
You barely miss the vampire.
The wall freezes the vampire but does no damage.
The vampire points at you and mumbles some strange words.
You resist with almost no effort. 😱 HP[+1] It was a potion of brilliance.
You feel clever all of a sudden.
The wall freezes the vampire but does no damage.
The vampire hits you.
* * * LOW HITPOINT WARNING * * *
The vampire completely misses you. 😱 HP[-2]
You take 2 damage, and now have 2/51 hp.
Unknown command.
It was a potion of lignification.
You turn into a tree.
Your +0 cloak melds into your body.
Your +2 helmet melds into your body.
Your +0 pair of gloves melds into your body.
The +0 pair of boots of the Harp {rF+} melds into your body.
Your +0 leather armour melds into your body.
Your roots penetrate the ground.
The wall freezes the vampire but does no damage.
The vampire hits you but does no damage.
The vampire bites you!
You die...

Skill      XL: |  1  2  3  4  5  6  7  8  9 |
---------------+----------------------------+-----
Spellcasting   | 2 3 4 6 7 |  7.1
Conjurations   | 3 4 |  4.1
Air Magic      | 1 2 |  2.0
Dodging        | 5 6 8 |  8.1
Fighting       | 1 3 |  3.2
Staves         | 3 5 |  5.3
Ice Magic      | 4 |  4.3
Transmutations | 1 |  1.1
Ranged Weapons | |  2.6
Throwing       | |  1.0

Action                     |  1- 3 |  4- 6 |  7- 9 || total
---------------------------+-------+-------+-------++-------
  Melee: Quarterstaff      |       |    22 |   173 ||   195
   Fire: Sling             |    45 |   206 |       ||   251
   Cast: Static Discharge  |     3 |    15 |       ||    18
         Frozen Ramparts   |       |       |     5 ||     5
  Evoke: Wand              |       |       |     5 ||     5
    Use: Potion            |       |     3 |     6 ||     9
         Scroll            |       |       |    13 ||    13
   Stab: Sleeping          |       |       |     4 ||     4
         Invisible         |       |       |     1 ||     1
 Armour: Robe              |     3 |    22 |       ||    25
         Leather armour    |       |     9 |    36 ||    45
         Skin              |       |       |     1 ||     1
  Dodge: Dodged            |     8 |    93 |   191 ||   292

Levels and vault maps discovered:
D:1:      heliophobic_arrival_glass_houses, layout_basic,
          ebering_ecumenical_altar_abandoned
D:2:      layout_rooms, nicolae_underground_beach, uniq_robin, uniq_terence,
          uniq_jessica
D:3:      gammafunk_wand_slinger, layout_basic, nicolae_ru_the_path_less_chosen,
          nicolae_concentric_dashed_squares_wild, minmay_misc_feat_room
D:4:      layout_basic, jmf_multi_god_temple2, marbit_many_paths,
          gammafunk_ghost_abyssal_escape, hangedman_decor_lopped,
          nicolae_specific_store
D:5:      layout_gridville, overflow_temple_1_default, serial_shops, shop,
          shop_statue, shop
D:6:      layout_gridville
D:7:      layout_rooms, minmay_temple_entry_arrows
D:8:      layout_rooms, kennysheep_mini_moat, lair_entry_dummy
D:9:      layout_roguey, minmay_misc_feat_encased, minmay_chambers_of_fives

Notes
Turn   | Place    | Note
-------+----------+-------------------------------------------
     0 | D:1      | MackTheKnife the Deep Elf Wanderer began the quest for the
                  | Orb.
     0 | D:1      | MackTheKnife set off with the following items: a +2 sling,
                  | a +0 cloak, a potion of might, a +0 robe; and the following
                  | spells available to memorise: Momentum Strike, Static
                  | Discharge.
     0 | D:1      | Reached XP level 1. HP: 10/10 MP: 5/5
     0 | D:1      | magus.rc [v1.9.6]
    43 | D:1      | Found a faded altar of an unknown god.
    50 | D:1      | Prayed at the altar of an unknown god.
    50 | D:1      | Became a worshipper of Makhleb the Destroyer
    50 | D:1      | Reached * piety under Makhleb
   133 | D:1      | Reached skill level 2 in Spellcasting
   259 | D:1      | Reached XP level 2. HP: 15/15 MP: 7/7
   416 | D:1      | Learned a level 2 spell: Static Discharge
   848 | D:2      | Noticed Terence
   856 | D:1      | HP: 3/15 [Terence/+0 short sword (4)]
   858 | D:1      | Killed Terence
   859 | D:1      | Reached skill level 3 in Spellcasting
   859 | D:1      | Reached skill level 3 in Conjurations
   859 | D:1      | Reached skill level 1 in Air Magic
   859 | D:1      | Reached XP level 3. HP: 5/19 MP: 1/9
   981 | D:2      | Noticed Jessica
   986 | D:2      | Killed Jessica
   987 | D:2      | Reached XP level 4. HP: 22/24 MP: 9/11
  1066 | D:2      | Reached ** piety under Makhleb
  1169 | D:2      | Noticed Robin
  1193 | D:2      | Killed Robin
  1194 | D:2      | Reached skill level 4 in Spellcasting
  1332 | D:2      | Reached skill level 2 in Air Magic
  1583 | D:3      | Reached XP level 5. HP: 26/28 MP: 13/13
  1615 | D:3      | Found a transporter.
  1724 | D:3      | Reached skill level 5 in Dodging
  1922 | D:3      | Found a transporter.
  2213 | D:3      | Found a sacrificial altar of Ru.
  2309 | D:4      | Found a transporter.
  2321 | D:4      | Reached skill level 1 in Fighting
  2330 | D:4      | Reached *** piety under Makhleb
  2355 | D:4      | Found Senes's Specific Store.
  2358 | D:4      | Found Detoruch's General Store.
  2388 | D:4      | Bought a +0 pair of gloves for 58 gold pieces
  2464 | D:4      | Reached XP level 6. HP: 10/35 MP: 3/14
  2597 | D:4      | Reached skill level 2 in Fighting
  2597 | D:4      | Reached skill level 6 in Dodging
  2712 | D:4      | Found a transporter.
  2728 | D:4      | Found a one-way gate to the infinite horrors of the Abyss.
  2728 | D:4      | Noticed Shym's ghost (amateur DrCj)
  2895 | D:4      | HP: 9/36 [poisoned by a scorpion]
  2900 | D:4      | HP: 4/36 [poisoned by a scorpion]
  3076 | D:4      | Found a large runed translucent door.
  3077 | D:4      | Found a large runed translucent door.
  3183 | D:4      | Found a hide-covered altar of Uskayaw.
  3477 | D:4      | Found a hazy altar of Hepliaklqana.
  3485 | D:4      | Found a blossoming altar of Fedhas.
  3512 | D:5      | Entered Level 5 of the Dungeon
  3545 | D:5      | Found Wawuis's Antique Weapon Shoppe.
  3553 | D:5      | Bought a warped quarterstaff for 198 gold pieces
  3553 | D:5      | Identified the +4 quarterstaff of Soypuuw {vamp, rF++
                  | Dex+3} (You bought it in a shop on level 5 of the Dungeon)
  3635 | D:5      | Identified the +0 pair of boots of the Harp {rF+}
  3691 | D:5      | Reached skill level 3 in Fighting
  3691 | D:5      | Reached XP level 7. HP: 40/41 MP: 15/15
  3779 | D:5      | Found Tacrop's Magic Scroll Boutique.
  3783 | D:5      | Bought a scroll of identify for 22 gold pieces
  3838 | D:5      | Reached skill level 1 in Staves
  3838 | D:5      | Reached skill level 7 in Dodging
  3907 | D:5      | Found a shimmering blue altar of Sif Muna.
  3958 | D:5      | Found Qyujol's Magic Scroll Shoppe.
  3966 | D:5      | Bought a scroll of identify for 24 gold pieces
  3966 | D:5      | Bought a scroll of identify for 24 gold pieces
  3966 | D:5      | Bought a scroll of identify for 24 gold pieces
  3966 | D:5      | Bought a scroll of identify for 24 gold pieces
  3966 | D:5      | Identified a scroll of acquirement
  3970 | D:5      | Acquired the amulet of the Baleful God {Faith rF- Int+4
                  | Slay+4}
  4033 | D:5      | You pick up a book of the Moon and begin reading...
  4033 | D:5      | You add the spells Passage of Golubria, Silence and
                  | Lehudib's Crystal Spear to your library.
  4184 | D:5      | Reached skill level 2 in Staves
  4255 | D:6      | You pick up a book of Touch and begin reading...
  4255 | D:6      | You add the spells Kiss of Death, Confusing Touch and
                  | Dispel Undead to your library.
  4589 | D:6      | Reached **** piety under Makhleb
  4590 | D:6      | Reached skill level 3 in Staves
  4590 | D:6      | Reached skill level 8 in Dodging
  4595 | D:6      | You pick up a book of Sloth and begin reading...
  4595 | D:6      | You add the spells Frozen Ramparts, Petrify and Metabolic
                  | Englaciation to your library.
  4814 | D:6      | Reached XP level 8. HP: 46/46 MP: 16/16
  5215 | D:7      | Reached skill level 4 in Staves
  5309 | D:7      | You pick up a book of Changes and begin reading...
  5309 | D:7      | You add the spells Wereblood and Irradiate to your library.
  5351 | D:7      | Found a staircase to the Ecumenical Temple.
  5627 | D:7      | Learned a level 3 spell: Frozen Ramparts
  5637 | D:7      | Reached skill level 5 in Staves
  5768 | D:8      | You pick up a book of Burglary and begin reading...
  5768 | D:8      | You add the spells Passwall, Ensorcelled Hibernation and
                  | Swiftness to your library.
  5775 | D:8      | Found a staircase to the Lair.
  5796 | D:8      | Reached skill level 1 in Ice Magic
  5828 | D:8      | Found an ornate altar of the Wu Jian Council.
  5851 | D:8      | Reached skill level 5 in Spellcasting
  5851 | D:8      | Reached skill level 2 in Ice Magic
  6190 | D:8      | Reached skill level 3 in Ice Magic
  6213 | D:8      | Reached skill level 6 in Spellcasting
  6323 | D:8      | Reached skill level 4 in Ice Magic
  6373 | D:8      | Reached XP level 9. HP: 51/51 MP: 16/21
  6482 | D:8      | Learned a level 5 spell: Irradiate
  6505 | D:9      | You pick up a book of Hexes and begin reading...
  6505 | D:9      | You add the spells Anguish, Cause Fear and Enfeeble to your
                  | library.
  6532 | D:9      | Reached skill level 7 in Spellcasting
  6532 | D:9      | Reached skill level 4 in Conjurations
  6567 | D:9      | Reached skill level 1 in Transmutations
  6574 | D:9      | HP: 12/51 [something (10)]
  6576 | D:9      | HP: 2/51 [something (16)]
  6844 | D:9      | HP: 3/51 [vampire/vampiric draining (18)]
  6848 | D:9      | Slain by a vampire

Vanquished Creatures
  2 water moccasins (D:8)
  An ice beast (D:7)
  An orc warrior (D:8)
  2 sky beasts
  A black bear (D:8)
  4 centaurs
  A kobold brigand (D:6)
  4 scorpions
  A bullfrog (D:8)
  A gnoll sergeant (D:7)
  3 hounds (D:5)
  2 orc priests (D:4)
  A sleepcap (D:8)
  Jessica (D:2)
  Terence (D:1)
  2 orc wizards
  5 iguanas
  Robin (D:2)
  5 gnolls (D:7)
  10 adders
  A shadow imp (D:5)
  An ufetubus (D:2)
  3 worms
  2 dart slugs
  23 orcs
  10 ball pythons
  2 bats
  7 endoplasms
  4 giant cockroaches
  14 goblins
  6 hobgoblins
  11 jackals
  A quokka (D:1)
  2 frilled lizards
  12 kobolds
  8 rats
156 creatures vanquished.

Table legend:
 A = Non-vault XP
 B = Vault XP
 C = Vault XP percentage of total XP
 D = Non-vault monster count
 E = Vault monster count
 F = Vault count percentage of total count
                 A         B        C        D         E       F
            +---------+---------+-------+---------+---------+-------
      Total |    2904 |     119 |   3.9 |     140 |      16 |  10.3
            +---------+---------+-------+---------+---------+-------
        D:1 |      27 |      36 |  57.1 |      17 |       1 |   5.6
        D:2 |      56 |      73 |  56.6 |      14 |      12 |  46.2
        D:3 |      62 |       0 |   0.0 |      28 |       0 |   0.0
        D:4 |     331 |      10 |   2.9 |      24 |       3 |  11.1
        D:5 |     437 |       0 |   0.0 |      18 |       0 |   0.0
        D:6 |     398 |       0 |   0.0 |      15 |       0 |   0.0
        D:7 |     407 |       0 |   0.0 |       8 |       0 |   0.0
        D:8 |     962 |       0 |   0.0 |      14 |       0 |   0.0
        D:9 |     224 |       0 |   0.0 |       2 |       0 |   0.0
            +---------+---------+-------+---------+---------+-------

Skill      XL: |  1  2  3  4  5  6  7  8  9 |
---------------+----------------------------+-----
Spellcasting   | 2 3 4 6 7 |  7.1
Conjurations   | 3 4 |  4.1
Air Magic      | 1 2 |  2.0
Dodging        | 5 6 8 |  8.1
Fighting       | 1 3 |  3.2
Staves         | 3 5 |  5.3
Ice Magic      | 4 |  4.3
Transmutations | 1 |  1.1
Ranged Weapons | |  2.6
Throwing       | |  1.0

Action                     |  1- 3 |  4- 6 |  7- 9 || total
---------------------------+-------+-------+-------++-------
  Melee: Quarterstaff      |       |    22 |   173 ||   195
   Fire: Sling             |    45 |   206 |       ||   251
   Cast: Static Discharge  |     3 |    15 |       ||    18
         Frozen Ramparts   |       |       |     5 ||     5
  Evoke: Wand              |       |       |     5 ||     5
    Use: Potion            |       |     3 |     6 ||     9
         Scroll            |       |       |    13 ||    13
   Stab: Sleeping          |       |       |     4 ||     4
         Invisible         |       |       |     1 ||     1
 Armour: Robe              |     3 |    22 |       ||    25
         Leather armour    |       |     9 |    36 ||    45
         Skin              |       |       |     1 ||     1
  Dodge: Dodged            |     8 |    93 |   191 ||   292

Illustrated notes

Table legend:
 A = Kills in this place as a percentage of kills in the entire game.
 B = Kills by you in this place as a percentage of kills by you in the entire game.
 C = Kills by friends in this place as a percentage of kills by friends in the entire game.
 D = Other kills in this place as a percentage of other kills in the entire game.
 E = Experience gained in this place as a percentage of experience gained in the entire game.
 F = Experience gained in this place divided by the number of levels of this place that you have seen.
                   A       B       C       D       E      F
               +-------+-------+-------+-------+-------+----------------------
         Total | 100.0 | 100.0 |   N/A |   N/A | 100.0 | 335.9
       Dungeon | 100.0 | 100.0 |   N/A |   N/A | 100.0 | 335.9
               +-------+-------+-------+-------+-------+----------------------

Table legend: (Time is in decaauts)
 A = Elapsed time spent in this place.
 B = Non-inter-level travel time spent in this place.
 C = Inter-level travel time spent in this place.
 D = Time resting spent in this place.
 E = Time spent auto-exploring this place.
 F = Levels seen in this place.
 G = Mean time per level.
                   A        B        C        D        E       F      G
               +--------+--------+--------+--------+--------+-----+--------+
         Total |   6906 |   6604 |    302 |    737 |   4675 |   9 |  767.3 |
       Dungeon |   6906 |   6604 |    302 |    737 |   4675 |   9 |  767.3 |
               +--------+--------+--------+--------+--------+-----+--------+

Top non-repeatable levels by time:
     D:4: 1111 daAuts
     D:8: 959 daAuts
     D:1: 928 daAuts
     D:3: 870 daAuts
     D:6: 842 daAuts
     D:5: 741 daAuts
     D:7: 659 daAuts
     D:2: 653 daAuts
     D:9: 139 daAuts
